 Dungeon Crawl Stone Soup version 0.31.0-9-g3a7656b989 (webtiles) character file.

Game seed: 14692252599072359582

60 qw the Shooter (level 3, -8/18 HPs)
             Began as a Spriggan Hunter on Feb 3, 2024.
             Killed from afar by Terence (10 damage)
             ... with a puff of flame
             ... on level 2 of the Dungeon.
             The game lasted 00:00:27 (688 turns).

qw the Shooter (Spriggan Hunter)                     Turns: 688, Time: 00:00:28

Health: -8/18      AC:  2    Str:  7    XL:     3   Next: 82%
Magic:  4/4        EV: 19    Int: 10    God:
Gold:   38         SH:  0    Dex: 20    Spells: 2/2 levels left

rFire   . . .        a - +0 shortbow
rCold   . . .        (shield currently unavailable)
rNeg    . . .        c - +0 robe
rPois   .            (helmet restricted)
rElec   .            (no cloak)
rCorr   .            (gloves unavailable)
SInv    +            (boots unavailable)
Will    .....        (no amulet)
Stlth   ++           (no ring)
HPRegen 0.23/turn    (no ring)
MPRegen 0.09/turn

%: no passive effects
@: very quick
A: very small, no large weapons, unfitting armour, see invisible, speed 3
a: no special abilities


You were on level 2 of the Dungeon.
You visited 1 branch of the dungeon, and saw 2 of its levels.

You collected 38 gold pieces.


Innate Abilities, Weirdness & Mutations

You are very small and have problems with some larger weapons.
You are too small for most types of armour.
You have supernaturally acute eyesight. (SInv)
You cover ground extremely quickly. (Speed+++)


   Skills:
 - Level 1.5 Fighting
 + Level 4.9 Ranged Weapons
 - Level 4.1 Dodging
 - Level 1.5 Stealth


You had 2 spell levels left.
You didn't know any spells.
Your spell library was empty.

Inventory:

Hand Weapons
 a - a +0 shortbow (weapon)
Armour
 c - a +0 robe (worn)
Potions
 h - a potion of haste {unknown}

Dungeon Overview and Level Annotations

Branches:
Dungeon (2/15)

Altars:

Shops:
D:2 (

Annotations:
D:2 Terence


Message History

You shoot an arrow. The arrow closely misses Terence.
Terence zaps a wand.
The puff of flame misses you.
You shoot an arrow. The arrow barely misses Terence.
You shoot an arrow. The arrow hits Terence.
Terence is lightly wounded.
You shoot an arrow.
The arrow hits Terence but does no damage.
Terence is lightly wounded.
You shoot an arrow.
The arrow hits Terence but does no damage.
Terence is lightly wounded.
Terence closely misses you.
You shoot an arrow. The arrow completely misses Terence.
Terence misses you.
You shoot an arrow.
The arrow hits Terence but does no damage.
Terence is lightly wounded.
Terence closely misses you.
You shoot an arrow.
The arrow hits Terence but does no damage.
Terence is lightly wounded.
Terence closely misses you.
You shoot an arrow. The arrow hits Terence.
Terence is moderately wounded.
Terence hits you with a +0 falchion!
You shoot an arrow. The arrow hits Terence.
Terence is severely wounded.
Terence hits you with a +0 falchion.
You shoot an arrow. The arrow completely misses Terence.
Terence barely misses you.
Terence zaps a wand.
The puff of flame misses you.
You shoot an arrow. The arrow hits Terence.
Terence is almost dead.
Terence hits you with a +0 falchion.
You shoot an arrow.
The arrow hits Terence but does no damage.
Terence is almost dead.
Terence zaps a wand.
The puff of flame hits you!
Ouch! That really hurt!
You die...
Terence says, "Time to find some more victims."

....##...###.+++...##
.##.....## ##.......#
.......# #.#.....#
######.# #.#.....#
#+# .#.....#
#.#.....# #.###..##
#......# ####@..#
+...@.......
#........###
#......#.# #..##..#.#
#.. .%.#.# #.. #.#
#.. .#


You could see Terence.

Vanquished Creatures
  An adder (D:2)
  3 dart slugs
  4 bats
  5 endoplasms
  A giant cockroach (D:1)
  4 goblins (D:1)
  4 hobgoblins (D:1)
  8 jackals (D:1)
  2 ball pythons (D:1)
  A frilled lizard (D:2)
  2 kobolds (D:1)
  6 rats
41 creatures vanquished.

Notes
Turn   | Place    | Note
-------+----------+-------------------------------------------
     0 | D:1      | qw the Spriggan Hunter began the quest for the Orb.
     0 | D:1      | Reached XP level 1. HP: 10/10 MP: 2/2
     0 | D:1      | 0 ||| qw: Version: 0.3-a-155-g5e7d8dd
     0 | D:1      | 0 ||| qw: Game counter: 3052
     0 | D:1      | 0 ||| qw: Melee chars always use a shield: true
     0 | D:1      | 0 ||| qw: God list: Okawaru
     0 | D:1      | 0 ||| qw: Allow faded altars: false
     0 | D:1      | 0 ||| qw: Do Orc after clearing Dungeon:15 true
     0 | D:1      | 0 ||| qw: Do second Lair branch before Depths: true
     0 | D:1      | 0 ||| qw: Lair rune preference: random
     0 | D:1      | 0 ||| qw: Goals: Normal
     0 | D:1      | 0 ||| PLANNING D:1-11
    31 | D:1      | 31 ||| RETREEEEATING.
    36 | D:1      | Reached skill level 3 in Dodging
    45 | D:1      | Reached XP level 2. HP: 8/14 MP: 3/3
    54 | D:1      | HP: 3/14 [jackal (3)]
   161 | D:1      | Reached XP level 3. HP: 18/18 MP: 4/4
   509 | D:1      | 509 ||| READING scroll labelled BUDWIQYAHI.
   510 | D:1      | 510 ||| READING scroll labelled MIFAQI PIEMOPH.
   511 | D:1      | 511 ||| READING scroll labelled TESEOWKAFOO.
   512 | D:1      | 512 ||| READING scroll labelled KOVVIALA YTEOWK.
   513 | D:1      | 513 ||| DROPPING scroll of butterflies.
   657 | D:2      | Found Geojyu's Antique Weapon Shoppe.
   674 | D:2      | Noticed Terence
   687 | D:2      | HP: 2/18 [Terence/+0 falchion (5)]
   688 | D:2      | Killed from afar by Terence

Levels and vault maps discovered:
D:1:      matt_arrival_los_fun, layout_rooms, st_stairs_11
D:2:      layout_loops_corners, serial_shops, nicolae_shop_tiny_real_fake_doors,
          pf_guarded_unrand_delatra, uniq_terence

Skill      XL: |  1  2 |
---------------+-------+-----
Dodging        | 3 4 |  4.1
Fighting       | |  1.5
Ranged Weapons | |  4.9
Stealth        | |  1.5

Action                     || total
---------------------------++-------
   Fire: Shortbow          ||   103
    Use: Scroll            ||     4
 Armour: Robe              ||    21
  Dodge: Dodged            ||    46

Table legend:
 A = Non-vault XP
 B = Vault XP
 C = Vault XP percentage of total XP
 D = Non-vault monster count
 E = Vault monster count
 F = Vault count percentage of total count
                 A         B        C        D         E       F
            +---------+---------+-------+---------+---------+-------
      Total |      79 |       8 |   9.2 |      36 |       5 |  12.2
            +---------+---------+-------+---------+---------+-------
        D:1 |      56 |       8 |  12.5 |      29 |       5 |  14.7
        D:2 |      23 |       0 |   0.0 |       7 |       0 |   0.0
            +---------+---------+-------+---------+---------+-------
